 Dungeon Crawl Stone Soup version 0.28.0-45-g0d030f2227 (webtiles) character file.

Game seed: 4754566630390745155

23 Iusername the Shield-Bearer (level 2, -2/27 HPs)
             Began as a Minotaur Fighter on Apr 4, 2022.
             Slain by an iguana (5 damage)
             ... on level 2 of the Dungeon.
             The game lasted 00:02:16 (957 turns).

Iusername the Shield-Bearer (Minotaur Fighter)       Turns: 957, Time: 00:02:17

Health: -2/27      AC:  7    Str: 20    XL:     2   Next: 75%
Magic:  1/1        EV:  9    Int:  5    God:
Gold:   57         SH:  4    Dex:  9    Spells: 1/1 levels left

rFire   . . .      SeeInvis .   a - +0 war axe
rCold   . . .      Faith    .   c - +0 buckler
rNeg    . . .      Spirit   .   b - +0 scale mail
rPois   .          Reflect  .   (helmet restricted)
rElec   .          Harm     .   (no cloak)
rCorr   .          Rampage  .   (no gloves)
Will    .....                   (no boots)
Stlth   ..........              (no amulet)
HPRegen 0.09/turn               (no ring)
MPRegen 0.07/turn               (no ring)

@: no status effects
A: horns 2, retaliatory headbutt
a: no special abilities


You were on level 2 of the Dungeon.
You visited 1 branch of the dungeon, and saw 2 of its levels.

You collected 57 gold pieces.

Inventory:

Hand Weapons
 a - a +0 war axe (weapon)
Armour
 b - a +0 scale mail (worn)
 c - a +0 buckler (worn)
Magical Staves
 g - a staff of cold
Scrolls
 e - a scroll of noise {unknown}
 f - a scroll of identify {unknown}
Potions
 d - a potion of might
 h - a potion of curing {unknown}


   Skills:
 + Level 4.0 Fighting
 + Level 2.6 Axes
 + Level 4.0 Armour
 + Level 4.1 Shields


You had one spell level left.
You didn't know any spells.
Your spell library was empty.

Dungeon Overview and Level Annotations

Branches:
Dungeon (2/15)

Altars:

Shops:
D:1 [


Innate Abilities, Weirdness & Mutations

You have a pair of horns on your head.
You reflexively headbutt those who attack you in melee.


Message History

You closely miss the hobgoblin. You block the hobgoblin's attack.
The hobgoblin hits you but does no damage.
You barely miss the hobgoblin.
The hobgoblin hits you but does no damage.
You closely miss the hobgoblin.
The hobgoblin hits you but does no damage.
You closely miss the hobgoblin.
The hobgoblin hits you but does no damage. x2
You closely miss the hobgoblin. The hobgoblin barely misses you.
You slash the hobgoblin!
You kill the hobgoblin!
You see here a hobgoblin corpse.
You see here a hobgoblin corpse.
An iguana comes into view.
Found a whip.
The iguana hisses angrily.
An iguana is nearby!
The iguana bites you. The iguana barely misses you.
A quokka comes into view.
You hit the iguana. Your headbutt misses the iguana.
The iguana is lightly wounded.
The iguana barely misses you.
You hit the iguana.
You headbutt the iguana, but do no damage.
The iguana is lightly wounded.
The iguana bites you! The iguana barely misses you.
You hit the iguana.
The iguana is moderately wounded.
The iguana closely misses you. You furiously retaliate!
You headbutt the iguana. You hit the iguana. Your headbutt misses the iguana.
The iguana is almost dead.
You block the iguana's attack.
You hit the iguana but do no damage.
The iguana is almost dead.
The iguana bites you!
* * * LOW HITPOINT WARNING * * *
The iguana bites you.
You die...

### #### #.. ..#
#.# ###.# # #.#
#...# #.### #.#
##♣.♣.#......
##.###.♣.♣@lr...#
#...##.♣.♣.#....#
#...†..♣.♣.#)....#
# ##...###♣.♣.#
..... #
##.#...>.♣.♣.#
#.### #
#.##.##..♣.♣## .#
# #.##....#♣.♣ . #
#.#####..♣.♣ #
##.###.#...#


You could see an iguana and a quokka.

Vanquished Creatures
  3 dart slugs (D:1)
  A bat (D:1)
  An endoplasm (D:1)
  A goblin (D:1)
  4 hobgoblins
  A quokka (D:1)
  2 frilled lizards (D:1)
  2 kobolds (D:1)
  A rat (D:1)
16 creatures vanquished.

Notes
Turn   | Place    | Note
-------+----------+-------------------------------------------
     0 | D:1      | Iusername the Minotaur Fighter began the quest for the Orb.
     0 | D:1      | Reached XP level 1. HP: 19/19 MP: 0/0
   250 | D:1      | Reached XP level 2. HP: 27/27 MP: 1/1
   328 | D:1      | Found Maivviux's Antique Armour Shop.
   817 | D:1      | Found a faded altar of an unknown god.
   957 | D:2      | Slain by an iguana

Illustrated notes

Levels and vault maps discovered:
D:1:      heliophobic_arrival_enchanted_forest, layout_loops_ring,
          shapermc_ecumenical_altar_mp_vishouse, serial_shops,
          nicolae_shop_statue_plus, minmay_misc_feat_diagonals,
          hangedman_decor_push
D:2:      minmay_spotlight, layout_loops_corners, serial_forest,
          infiniplex_forest_lined_3, infiniplex_forest_straight_4,
          infiniplex_forest_straight_3, infiniplex_forest_end_double,
          uniq_crazy_yiuf_cottage

Skill      XL: |  1  2 |
---------------+-------+-----
Shields        | 4 |  4.1
Fighting       | 4 |  4.0
Armour         | 4 |  4.0
Axes           | |  2.6

Action                   || total
-------------------------++-------
Melee: War axe           ||    33
       Headbutt          ||     4
Armor: Scale mail        ||    16
Dodge: Dodged            ||    14
Block: Buckler           ||     6
